 Dungeon Crawl Stone Soup version 0.22-a0-274-gf8199ec (webtiles) character file.

524 tidbits the Insei (level 7, 6/52 HPs)
             Began as a Gnoll Transmuter on Mar 14, 2018.
             Quit the game on level 6 of the Dungeon.
             The game lasted 00:07:51 (919 turns).

tidbits the Insei (Gnoll Transmuter)                 Turns: 919, Time: 00:07:52

Health: 6/52       AC:  2    Str: 12    XL:     7   Next: 22%
Magic:  10/15      EV: 24    Int: 23    God:
Gold:   148        SH:  0    Dex: 20    Spells: 11/17 levels left

rFire    . . .     SeeInvis .     - Unarmed
rCold    . . .     Gourm    .   (shield currently unavailable)
rNeg     . . .     Faith    .   (armour currently unavailable)
rPois    x         Spirit   .   (helmet currently unavailable)
rElec    .         Reflect  .   (cloak currently unavailable)
rCorr    .         Harm     .   (gloves currently unavailable)
MR       .....                  (boots currently unavailable)
Stlth    ++........             (no amulet)
HPRegen  0.17/turn              (no ring)
MPRegen  0.14/turn              (no ring)

@: brilliant, lethally poisoned (6 -> -19), spider-form
A: tiny, distributed training, strong nose
a: End Transformation


You were on level 6 of the Dungeon.
You were not hungry.
You were a venomous arachnid creature.
You visited 1 branch of the dungeon, and saw 6 of its levels.

You collected 148 gold pieces.

Inventory:

Hand Weapons
 c - a +0 dagger
 g - a +5 dagger of venom
   (You took it off Dowan on level 5 of the Dungeon)
 n - a cursed +0 flail (melded)
 q - a +1 scythe of freezing
   (You took it off Sigmund on level 4 of the Dungeon)
Missiles
 a - 40 arrows
 f - 2 tomahawks
 i - 4 silver javelins (quivered)
 o - 6 curare-tipped needles
 p - 18 stones
Armour
 B - a +1 robe (melded)
Scrolls
 b - a scroll of teleportation
 h - 2 scrolls of amnesia
Potions
 j - 2 potions of flight
Comestibles
 d - 3 rations


   Skills:
 + Level 3.5 Fighting
 + Level 2.3 Short Blades
 + Level 2.3 Long Blades
 + Level 2.3 Axes
 + Level 2.3 Maces & Flails
 + Level 2.3 Polearms
 + Level 2.3 Staves
 + Level 2.3 Slings
 + Level 2.3 Bows
 + Level 2.3 Crossbows
 + Level 2.3 Throwing
 + Level 2.3 Armour
 + Level 5.1 Dodging
 + Level 2.3 Stealth
 + Level 2.3 Shields
 + Level 7.0 Unarmed Combat
 + Level 5.5 Spellcasting
 + Level 1.8 Conjurations
 + Level 1.8 Hexes
 + Level 1.8 Charms
 + Level 1.8 Summonings
 + Level 1.8 Necromancy
 + Level 1.8 Translocations
 + Level 4.2 Transmutations
 + Level 1.8 Fire Magic
 + Level 1.8 Ice Magic
 + Level 1.8 Air Magic
 + Level 1.8 Earth Magic
 + Level 1.8 Poison Magic
 + Level 2.5 Invocations
 + Level 2.3 Evocations


You had 11 spell levels left.
You knew the following spells:

 Your Spells              Type           Power        Failure   Level  Hunger
e - Beastly Appendage     Tmut           #####.       1%          1    None
k - Sticks to Snakes      Tmut           #####...     1%          2    None
p - Spider Form           Tmut/Pois      ####......   2%          3    ##.....


Dungeon Overview and Level Annotations

Branches:
Dungeon (6/15)
 Temple: D:4-7

Altars:

Annotations:
D:5 anet's ghost, novice GnWn


Innate Abilities, Weirdness & Mutations

Your experience applies equally to all skills.
((You have very sharp teeth.))
Your uncanny sense of smell can sniff out nearby items.


Message History

The iguana is lightly wounded.
The iguana completely misses you.
You bite the iguana!
The iguana looks as sick as possible!
The iguana is severely wounded.
You kill the iguana!
Your Unarmed Combat skill increases to level 7!
You see here an iguana corpse.
You see here an iguana corpse.
You butcher the iguana corpse.
You see here 2 chunks of flesh.
Eat one of 2 chunks of flesh? (ye/n/q)
You eat one of the 2 chunks of flesh.
This raw flesh tastes terrible.
Found a stone staircase leading up.
There is a stone staircase leading up here.
You climb upwards.
Level annotation: anet's ghost, novice GnWn
There is a stone staircase leading down here.
Unknown command.
Unknown command.
Anet's ghost turns its malevolent gaze towards you.
It was a potion of brilliance.
You feel clever all of a sudden.
Your transformation is almost over.
Anet's ghost misses you.
Casting: Spider Form (safe; 2% risk of failure)
Confirm with . or Enter, or press ? or * to list all spells.
You create a snake!
You now have 41 arrows.
Anet's ghost misses you.
Found a scroll of amnesia.
Casting: Sticks to Snakes (safe; 1% risk of failure)
Confirm with . or Enter, or press ? or * to list all spells.
You create a snake!
You now have 40 arrows.
Anet's ghost completely misses you.
It was a potion of curing.
You feel better.
Your ball python barely misses anet's ghost.
Anet's ghost completely misses you.
You hit anet's ghost but do no damage.
Your ball python barely misses anet's ghost.
Your adder bites anet's ghost but does no damage.
You hit anet's ghost.
Anet's ghost is lightly damaged.
Anet's ghost completely misses you.
Your ball python closely misses anet's ghost.
Your adder barely misses anet's ghost.
You hit anet's ghost.
Anet's ghost is lightly damaged.
Your ball python bites anet's ghost.
Anet's ghost hits you but does no damage.
You are poisoned.
Your adder bites anet's ghost but does no damage.
You hit anet's ghost.
Anet's ghost is lightly damaged.
You feel sick.
Your ball python bites anet's ghost but does no damage.
Your adder closely misses anet's ghost.
Anet's ghost hits your ball python!
Your ball python dies!
Unknown command.
Okay, then.
You hit anet's ghost but do no damage.
Anet's ghost is lightly damaged.
Your transformation has ended.
Your cursed +0 flail unmelds from your body.
Your +1 robe unmelds from your body.
You feel sick.
Your adder barely misses anet's ghost.
Anet's ghost completely misses you.
You feel sick.
Your adder bites anet's ghost but does no damage.
The adder bites you.
Anet's ghost says, "You must not succeed where I failed!"
Anet's ghost hits you!!
You are lethally poisoned!
Your adder bites anet's ghost but does no damage.
The adder closely misses you.
* * * LOW HITPOINT WARNING * * *
You feel very sick.
Your adder bites anet's ghost.
There is a stone staircase leading down here.
* * * LOW HITPOINT WARNING * * *
You feel very sick. The adder bites you.
* * * LOW HITPOINT WARNING * * *
Your adder bites anet's ghost.
You climb downwards.
* * * LOW HITPOINT WARNING * * *
You feel very sick.
There is a stone staircase leading up here.
Unknown command.
Casting: Sticks to Snakes (safe; 1% risk of failure)
Confirm with . or Enter, or press ? or * to list all spells.
You turn into a venomous arachnid creature.
Your cursed +0 flail melds into your body.
Your +1 robe melds into your body.
* * * LOW HITPOINT WARNING * * *
You feel sick. The adder completely misses you.
The adder bites you but does no damage.
Unknown command.
You barely miss the adder.
* * * LOW HITPOINT WARNING * * *
You feel sick. The adder closely misses you.
You barely miss the adder.
* * * LOW HITPOINT WARNING * * *
You feel very sick. The adder completely misses you.
Are you sure you want to abandon this character and quit the game? (Confirm with "yes".)

##########.#
#....#
##########.#
#....#
.........#.#
#..).#
########.#.#
####.# #.#.#
#.#
#.#.######.#
#.#........#
#.##########
#.# #s#
#.#######S#
#..%......#
#.#########
###


You could see an adder.

Vanquished Creatures
  Sigmund (D:4)
  Duvessa (D:5)
  Dowan (D:5)
  2 crimson imps
  An orc priest (D:5)
  An orc wizard (D:5)
  An iguana (D:6)
  3 worker ants (D:4)
  An adder (D:4)
  7 orcs
  A giant cockroach (D:5)
  2 goblins
  2 hobgoblins
  A quokka (D:5)
25 creatures vanquished.

Notes
Turn   | Place    | Note
-------+----------+-------------------------------------------
     0 | D:1      | tidbits the Gnoll Transmuter began the quest for the Orb.
     0 | D:1      | Reached XP level 1. HP: 17/17 MP: 6/6
   263 | D:3      | Noticed a crimson imp
   274 | D:3      | Killed a crimson imp
   274 | D:3      | Reached skill level 5 in Spellcasting
   274 | D:3      | Reached skill level 1 in Invocations
   274 | D:3      | Reached XP level 2. HP: 23/23 MP: 8/8
   274 | D:3      | Reached XP level 3. HP: 28/28 MP: 9/9
   278 | D:3      | Learned a level 2 spell: Sticks to Snakes
   282 | D:3      | Learned a level 3 spell: Spider Form
   304 | D:4      | Noticed Sigmund
   312 | D:4      | Killed Sigmund
   312 | D:4      | Reached skill level 1 in Short Blades
   312 | D:4      | Reached skill level 1 in Long Blades
   312 | D:4      | Reached skill level 1 in Axes
   312 | D:4      | Reached skill level 1 in Maces & Flails
   312 | D:4      | Reached skill level 1 in Polearms
   312 | D:4      | Reached skill level 1 in Staves
   312 | D:4      | Reached skill level 1 in Slings
   312 | D:4      | Reached skill level 1 in Bows
   312 | D:4      | Reached skill level 1 in Crossbows
   312 | D:4      | Reached skill level 1 in Throwing
   312 | D:4      | Reached skill level 1 in Armour
   312 | D:4      | Reached skill level 1 in Stealth
   312 | D:4      | Reached skill level 1 in Shields
   312 | D:4      | Reached skill level 1 in Conjurations
   312 | D:4      | Reached skill level 1 in Hexes
   312 | D:4      | Reached skill level 1 in Charms
   312 | D:4      | Reached skill level 1 in Summonings
   312 | D:4      | Reached skill level 1 in Necromancy
   312 | D:4      | Reached skill level 1 in Translocations
   312 | D:4      | Reached skill level 1 in Fire Magic
   312 | D:4      | Reached skill level 1 in Ice Magic
   312 | D:4      | Reached skill level 1 in Air Magic
   312 | D:4      | Reached skill level 1 in Earth Magic
   312 | D:4      | Reached skill level 1 in Poison Magic
   312 | D:4      | Reached skill level 1 in Evocations
   312 | D:4      | Reached XP level 4. HP: 22/34 MP: 2/11
   312 | D:4      | Reached XP level 5. HP: 26/40 MP: 2/12
   385 | D:4      | Reached skill level 3 in Fighting
   385 | D:4      | Reached skill level 4 in Transmutations
   397 | D:5      | Entered Level 5 of the Dungeon
   397 | D:5      | Noticed anet's ghost (novice GnWn)
   595 | D:4      | Reached skill level 2 in Invocations
   595 | D:4      | Reached XP level 6. HP: 40/47 MP: 9/13
   719 | D:5      | Reached skill level 5 in Dodging
   750 | D:5      | Noticed Dowan
   756 | D:5      | Noticed Duvessa
   768 | D:5      | Killed Duvessa
   768 | D:5      | Reached skill level 2 in Short Blades
   768 | D:5      | Reached skill level 2 in Long Blades
   768 | D:5      | Reached skill level 2 in Axes
   768 | D:5      | Reached skill level 2 in Maces & Flails
   768 | D:5      | Reached skill level 2 in Polearms
   768 | D:5      | Reached skill level 2 in Staves
   768 | D:5      | Reached skill level 2 in Slings
   768 | D:5      | Reached skill level 2 in Bows
   768 | D:5      | Reached skill level 2 in Crossbows
   768 | D:5      | Reached skill level 2 in Throwing
   768 | D:5      | Reached skill level 2 in Armour
   768 | D:5      | Reached skill level 2 in Stealth
   768 | D:5      | Reached skill level 2 in Shields
   768 | D:5      | Reached skill level 2 in Evocations
   773 | D:5      | Killed Dowan
   773 | D:5      | Reached XP level 7. HP: 37/52 MP: 10/15
   886 | D:6      | Reached skill level 7 in Unarmed Combat
   919 | D:6      | Quit the game

Vault maps used:
D:1:      dpeg_arrival_erosion, hangedman_feature_mirror
D:3:      uniq_crazy_yiuf_cottage
D:4:      uniq_sigmund
D:5:      kennysheep_little_box, first_ration, uniq_duvessa
D:6:      minmay_misc_feat_chi, tgw_trog

Skill      XL: |  1  2  3  4  5  6  7 |
---------------+----------------------+-----
Spellcasting   | 5 |  5.5
Invocations    | 1 2 |  2.5
Short Blades   | 1 2 |  2.3
Long Blades    | 1 2 |  2.3
Axes           | 1 2 |  2.3
Maces & Flails | 1 2 |  2.3
Polearms       | 1 2 |  2.3
Staves         | 1 2 |  2.3
Slings         | 1 2 |  2.3
Bows           | 1 2 |  2.3
Crossbows      | 1 2 |  2.3
Throwing       | 1 2 |  2.3
Armour         | 1 2 |  2.3
Stealth        | 1 2 |  2.3
Shields        | 1 2 |  2.3
Conjurations   | 1 |  1.8
Hexes          | 1 |  1.8
Charms         | 1 |  1.8
Summonings     | 1 |  1.8
Necromancy     | 1 |  1.8
Translocations | 1 |  1.8
Fire Magic     | 1 |  1.8
Ice Magic      | 1 |  1.8
Air Magic      | 1 |  1.8
Earth Magic    | 1 |  1.8
Poison Magic   | 1 |  1.8
Evocations     | 1 2 |  2.3
Fighting       | 3 |  3.5
Transmutations | 4 |  4.2
Dodging        | 5 |  5.1
Unarmed Combat | 7 |  7.0

Action                   |  1- 3 |  4- 6 |  7- 9 || total
-------------------------+-------+-------+-------++-------
Melee: Unarmed           |    26 |    42 |    17 ||    85
       Headbutt          |     5 |       |       ||     5
       Flail             |     3 |       |       ||     3
       Kick              |     2 |       |       ||     2
       Punch             |     1 |       |       ||     1
       Bite              |     1 |       |       ||     1
Throw: Javelin           |       |     2 |       ||     2
 Cast: Beastly Appendage |     4 |       |       ||     4
       Sticks to Snakes  |     2 |     5 |     3 ||    10
       Spider Form       |     1 |     8 |     3 ||    12
  Use: Scroll            |       |     6 |       ||     6
       Potion            |       |     3 |     2 ||     5
 Stab: Invisible         |       |     4 |       ||     4
  Eat: Chunk             |       |       |     1 ||     1
Armor: Robe              |     2 |       |       ||     2
       Skin              |       |     1 |     2 ||     3
Dodge: Dodged            |    15 |    33 |    18 ||    66

Table legend:
 A = Spawn XP
 B = Non-spawn XP
 C = Spawn XP percentage of total XP
 D = Spawn monster count
 E = Non-spawn monster count
 F = Spawn count percentage of total count
 G = Total turns spent on level
                    A         B        C        D         E        F      G
               +---------+---------+-------+---------+---------+-------+---------
         Total |       0 |     749 |   0.0 |       0 |      25 |   0.0 |   919
               +---------+---------+-------+---------+---------+-------+---------
           D:1 |       0 |       4 |   0.0 |       0 |       2 |   0.0 |   118
           D:2 |       0 |       4 |   0.0 |       0 |       2 |   0.0 |   143
           D:3 |       0 |      50 |   0.0 |       0 |       1 |   0.0 |    65
           D:4 |       0 |     298 |   0.0 |       0 |      10 |   0.0 |   306
           D:5 |       0 |     355 |   0.0 |       0 |       8 |   0.0 |   176
           D:6 |       0 |      38 |   0.0 |       0 |       2 |   0.0 |   111
               +---------+---------+-------+---------+---------+-------+---------

Table legend:
 A = Turns spent in this place as a percentage of turns spent in the entire game.
 B = Non-inter-level travel turns spent in this place as a percentage of non-inter-level travel turns spent in the entire game.
 C = Inter-level travel turns spent in this place as a percentage of turns spent in this place.
 D = Turns resting spent in this place as a percentage of non-inter-level travel turns spent in this place.
 E = Turns spent auto-exploring this place as a percentage of non-inter-level travel turns spent in this place.
 F = Non-inter-level travel turns spent in this place divided by the number of levels of this place that you've seen.
                   A       B       C       D       E      F
               +-------+-------+-------+-------+-------+----------------------
         Total | 100.0 | 100.0 |   0.0 |   0.0 |   0.0 | 153.2
       Dungeon | 100.0 | 100.0 |   0.0 |   0.0 |   0.0 | 153.2
               +-------+-------+-------+-------+-------+----------------------

Table legend:
 A = Kills in this place as a percentage of kills in entire the game.
 B = Kills by you in this place as a percentage of kills by you in the entire game.
 C = Kills by friends in this place as a percentage of kills by friends in the entire game.
 D = Other kills in this place as a percentage of other kills in the entire game.
 E = Experience gained in this place as a percentage of experience gained in the entire game.
 F = Experience gained in this place divided by the number of levels of this place that you have seen.
                   A       B       C       D       E      F
               +-------+-------+-------+-------+-------+----------------------
         Total | 100.0 | 100.0 |   N/A |   N/A | 100.0 | 124.8
       Dungeon | 100.0 | 100.0 |   N/A |   N/A | 100.0 | 124.8
               +-------+-------+-------+-------+-------+----------------------

Vault maps used:
D:1:      dpeg_arrival_erosion, hangedman_feature_mirror
D:3:      uniq_crazy_yiuf_cottage
D:4:      uniq_sigmund
D:5:      kennysheep_little_box, first_ration, uniq_duvessa
D:6:      minmay_misc_feat_chi, tgw_trog
